 Dungeon Crawl Stone Soup version 0.30-a0-715-gdb4ae3ece1 (webtiles) character file.

Game seed: 14765338398826285587

1437 M4edhros the Gusty (level 8, -3/55 HPs)
             Began as an Octopode Transmuter on Jan 24, 2023.
             Was an Initiate of Cheibriados.
             Slain by an ice beast (13 damage)
             ... on level 6 of the Dungeon.
             The game lasted 00:06:25 (2556 turns).

M4edhros the Gusty (Octopode Transmuter)            Turns: 2556, Time: 00:06:25

Health: -3/55      AC:  1    Str: 10 (11) XL:     8   Next: 74%
Magic:  11/11      EV: 13    Int: 16      God:    Cheibriados [......]
Gold:   188        SH:  0    Dex: 15      Spells: 5/11 levels left

rFire   . . .      SeeInvis .      - Unarmed
rCold   . . .      Faith    .    (no shield)
rNeg    . . .      Spirit   .    (helmet restricted)
rPois   +          Reflect  .    (no amulet)
rElec   .          Harm     .    h - ring of poison resistance
rCorr   .          Rampage  .    (no ring)
Will    .....                    (no ring)
Stlth   ++                       (no ring)
HPRegen 0.29/turn                (no ring)
MPRegen 0.12/turn                (no ring)
                                 (no ring)
                                 (no ring)

@: very slow
A: almost no armour, amphibious, 8 rings, camouflage 1, gelatinous body 1,
(nimble swimmer 1), tentacles
a: Renounce Religion


You were on level 6 of the Dungeon.
You worshipped Cheibriados.
Cheibriados was noncommittal.
You visited 2 branches of the dungeon, and saw 7 of its levels.

You collected 188 gold pieces.

Inventory:

Hand Weapons
 e - a +2 short sword of distortion
Missiles
 r - 8 poisoned darts
Jewellery
 h - a ring of poison resistance (left tentacle)
Wands
 p - a wand of flame (31)
 t - a wand of mindburst (15)
Scrolls
 a - 3 scrolls of blinking
 b - a scroll of fog {unknown}
 c - a scroll of fear {unknown}
 f - a scroll of amnesia {unknown}
 i - 3 scrolls of identify {unknown}
 j - a scroll of silence {unknown}
 m - 2 scrolls of teleportation {unknown}
 u - a scroll of enchant armour {unknown}
Potions
 d - 2 potions of attraction
 g - a potion of berserk rage {unknown}
 k - a potion of ambrosia {unknown}
 l - a potion of degeneration
 n - 2 potions of invisibility {unknown}
 s - a potion of haste {unknown}


   Skills:
 - Level 5.0 Fighting
 - Level 2.0 Dodging
 - Level 5.0 Unarmed Combat
 - Level 2.0 Spellcasting
 - Level 2.0 Transmutations
 + Level 6.9 Air Magic
 - Level 5.0 Poison Magic


You had 5 spell levels left.
You knew the following spells:

 Your Spells              Type           Power      Damage    Failure   Level
a - Beastly Appendage     Tmut           16%        N/A       9%          1
b - Poisonous Vapours     Pois/Air       40%        N/A       2%          2
c - Mephitic Cloud        Conj/Pois/Air  14%        N/A       12%         3

Your spell library contained the following spells:

 Spells                   Type           Power      Damage    Failure   Level
 Cigotuvi's Dreadful Rot  Necr/Pois/Air  28%        N/A       6%          2
 Wereblood                Tmut           8%         N/A       14%         2
 Spider Form              Tmut/Pois      12%        N/A       14%         3
 Ice Form                 Ice/Tmut       4%         N/A       80%         4


Dungeon Overview and Level Annotations

Branches:
Dungeon (6/15)             Temple (1/1) D:6

Altars:
Cheibriados
Elyvilon
Fedhas
Kikubaaqudgha
Makhleb
Okawaru
Qazlal
Ru
Sif Muna
Uskayaw
Xom
Zin
The Shining One

Portals:
Abyss: D:3


Innate Abilities, Weirdness & Mutations

You cannot wear most types of armour.
You are amphibious.
You can wear up to eight rings at the same time.
Your skin changes colour to match your surroundings (Stealth+).
Your rubbery body absorbs attacks. (AC +1, EV +1)
((You are camouflaged when in or above water. (Stealth+)))
You have tentacles for arms and can constrict up to eight enemies at once.


Message History

You squeeze the ice beast, but do no damage.
The ice beast is severely wounded.
The ice beast barely misses you.
You tentacle-slap the ice beast.
Your tentacle spike misses the ice beast.
The ice beast is almost dead.
The ice beast hits you. The ice beast freezes you!
* * * LOW HITPOINT WARNING * * *
You barely miss the ice beast.
You pierce the ice beast, but do no damage.
The ice beast is almost dead.
The ice beast hits you.
* * * LOW HITPOINT WARNING * * *
The ice beast freezes you!
* * * LOW HITPOINT WARNING * * *
Okay, then.
The ice beast attacks as you move away! The ice beast misses you.
You see here a potion of heal wounds.
o - a potion of heal wounds The ice beast hits you but does no damage.
You feel much better. The ice beast closely misses you.
You tentacle-slap the ice beast but do no damage.
You pierce the ice beast.
Your squeeze misses the ice beast.
The ice beast is almost dead.
Your tentacle spike disappears.
The ice beast closely misses you.
You barely miss the ice beast.
The ice beast is almost dead.
The ice beast misses you.
You tentacle-slap the ice beast.
The ice beast is almost dead.
The ice beast hits you. The ice beast freezes you.
* * * LOW HITPOINT WARNING * * *
You tentacle-slap the ice beast but do no damage.
Your squeeze misses the ice beast.
The ice beast is almost dead.
The ice beast hits you.
* * * LOW HITPOINT WARNING * * *
The ice beast freezes you!
You die...

........#.#.....#
................#
........##.#....#
........##.##...#
........#### ####
........# #. .#
...####.###. .#
..........#.♣♣♣.#
..........#..♣@.#
..........#..Y..# .
#.........###'###....
.....................
...........###.......
...........# .......
.########## #......
...... .>...#


You could see an ice beast.

Vanquished Creatures
  Grinder (D:5)
  A steam dragon (D:6)
  The ghost of mojasp the Cutter, an amateur VSFi (D:3)
  A small abomination (D:3)
  2 black bears
  An ice beast (D:6)
  2 centaurs
  2 ogres
  A crimson imp (D:3)
  A hound (D:4)
  3 jellies
  2 iguanas
  6 adders
  A gnoll (D:4)
  2 orcs (D:5)
  A ball python (D:2)
  2 endoplasms
  3 goblins
  4 hobgoblins
  2 jackals (D:3)
  5 kobolds
  2 bats
  2 frilled lizards (D:3)
48 creatures vanquished.

Notes
Turn   | Place    | Note
-------+----------+-------------------------------------------
     0 | D:1      | M4edhros the Octopode Transmuter began the quest for the
                  | Orb.
     0 | D:1      | Reached XP level 1. HP: 13/13 MP: 3/3
    83 | D:2      | Reached XP level 2. HP: 15/18 MP: 5/5
   117 | D:3      | Reached XP level 3. HP: 19/23 MP: 6/6
   212 | D:3      | Found a one-way gate to the infinite horrors of the Abyss.
   212 | D:3      | Found a transporter.
   212 | D:3      | Noticed mojasp's ghost (amateur VSFi)
   226 | D:3      | Found a transporter.
   250 | D:3      | Killed mojasp's ghost
   251 | D:3      | Reached skill level 5 in Unarmed Combat
   251 | D:3      | Reached XP level 4. HP: 30/30 MP: 7/7
   251 | D:3      | Reached XP level 5. HP: 36/36 MP: 8/8
   256 | D:3      | Noticed a small abomination
   259 | D:3      | Killed a small abomination
   260 | D:3      | Reached XP level 6. HP: 44/44 MP: 9/9
   600 | D:4      | Found a glowing golden altar of the Shining One.
   620 | D:4      | Reached skill level 5 in Fighting
   657 | D:4      | Learned a level 2 spell: Poisonous Vapours
   734 | D:4      | Noticed a black bear
   743 | D:4      | Killed a black bear
   744 | D:4      | Reached XP level 7. HP: 20/50 MP: 7/10
  1189 | D:5      | Entered Level 5 of the Dungeon
  1421 | D:5      | Noticed Grinder
  1432 | D:5      | Killed Grinder
  1433 | D:5      | Reached skill level 5 in Poison Magic
  1433 | D:5      | Reached skill level 2 in Air Magic
  1437 | D:5      | Learned a level 3 spell: Mephitic Cloud
  1469 | D:5      | Reached skill level 3 in Air Magic
  1663 | D:5      | Reached XP level 8. HP: 21/55 MP: 11/11
  1807 | D:5      | Reached skill level 4 in Air Magic
  2303 | D:5      | Reached skill level 5 in Air Magic
  2399 | D:6      | Reached skill level 6 in Air Magic
  2465 | D:6      | Found a staircase to the Ecumenical Temple.
  2475 | Temple   | Entered the Ecumenical Temple
  2498 | Temple   | Became a worshipper of Cheibriados the Contemplative
  2549 | D:6      | HP: 1/55 [ice beast (8)]
  2556 | D:6      | Slain by an ice beast

Illustrated notes

Levels and vault maps discovered:
D:1:      lightli_iron_boxes, layout_loops_ring, serial_shops,
          nicolae_shop_waterfront, shop, shop, shop, roderic_serpentine_path,
          kennysheep_small_spiral
D:2:      layout_basic
D:3:      layout_loops_ring, minitemple, nzn_hepliaklqana_mist_gate,
          gammafunk_ghost_abyssal_escape, shapermc_ecumenical_altar_ellora,
          grunt_ministairs_11
D:4:      minmay_spotlight, layout_cave_pools, tso_oasis_becter
D:5:      layout_basic, kennysheep_generic_room_7, uniq_grinder
D:6:      layout_basic, chequers_temple_overflow_statue_of_worship,
          minmay_temple_entry_grid, kennysheep_generic_room_13
Temple:   nicolae_temple_ecumenical_triangle

Skill      XL: |  1  2  3  4  5  6  7  8 |
---------------+-------------------------+-----
Unarmed Combat | 4 5 |  5.0
Fighting       | 2 4 5 |  5.0
Poison Magic   | 2 5 |  5.0
Air Magic      | 3 6 |  6.9
Dodging        | |  2.0
Spellcasting   | |  2.0
Transmutations | |  2.0

Action                     |  1- 3 |  4- 6 |  7- 9 || total
---------------------------+-------+-------+-------++-------
  Melee: Unarmed           |    33 |    45 |    84 ||   162
         Constrict         |    10 |     9 |     7 ||    26
         Tentacles         |     3 |    13 |    22 ||    38
         Punch             |       |     4 |     2 ||     6
         Kick              |       |       |    11 ||    11
   Cast: Poisonous Vapours |       |       |    10 ||    10
         Mephitic Cloud    |       |       |     6 ||     6
         Beastly Appendage |       |       |     3 ||     3
    Use: Potion            |     2 |       |     7 ||     9
   Stab: Sleeping          |     2 |       |     2 ||     4
         Confused          |       |       |     2 ||     2
 Armour: Skin              |     9 |     6 |    15 ||    30
  Dodge: Dodged            |    16 |    18 |    51 ||    85

Table legend: (Time is in decaauts)
 A = Elapsed time spent in this place.
 B = Non-inter-level travel time spent in this place.
 C = Inter-level travel time spent in this place.
 D = Time resting spent in this place.
 E = Time spent auto-exploring this place.
 F = Levels seen in this place.
 G = Mean time per level.
                   A        B        C        D        E       F      G
               +--------+--------+--------+--------+--------+-----+--------+
         Total |   2548 |   2468 |     80 |    108 |   1687 |   7 |  364.0 |
       Dungeon |   2513 |   2444 |     69 |    108 |   1687 |   6 |  418.8 |
        Temple |     34 |     23 |     11 |      0 |      0 |   1 |   34.0 |
               +--------+--------+--------+--------+--------+-----+--------+

Top non-repeatable levels by time:
     D:5: 1171 daAuts
     D:4: 755 daAuts
     D:3: 328 daAuts
     D:6: 160 daAuts
     D:1: 55 daAuts
     D:2: 41 daAuts
  Temple: 34 daAuts
